 Dungeon Crawl Stone Soup version 0.22.1-1-ga44c0e5 (webtiles) character file.

26161 Doni34 the Spear-Bearer (level 12, -12/110 HPs)
             Began as a Minotaur Berserker on Nov 1, 2018.
             Was an Elder of Trog.
             Mangled by Rupert
             ... wielding a +1 battleaxe of electrocution
              (17 damage)
             ... while paralysed by Rupert
             ... on level 4 of the Lair of Beasts on Nov 2, 2018.
             The game lasted 01:31:10 (20023 turns).

Doni34 the Spear-Bearer (Minotaur Berserker)       Turns: 20023, Time: 01:31:17

Health: -12/110    AC: 16    Str: 26    XL:     12   Next: 95%
Magic:  16/16      EV:  2    Int:  4    God:    Trog [****..]
Gold:   822        SH:  0    Dex: 11    Spells: 11/11 levels left

rFire    + . .     SeeInvis .   M - +1 glaive
rCold    x . .     Gourm    .   (shield currently unavailable)
rNeg     . . .     Faith    .   E - +0 plate armour
rPois    .         Spirit   .   (helmet restricted)
rElec    .         Reflect  .   (no cloak)
rCorr    .         Harm     .   o - +0 pair of gloves
MR       .....                  (no boots)
Stlth    ..........             (no amulet)
HPRegen  0.28/turn              n - ring of fire
MPRegen  0.15/turn              (no ring)

@: paralysed, lethally poisoned (-12 -> -22), berserk cooldown, slowed, heavily
drained
A: retaliatory headbutt, horns 2
a: Berserk, Trog's Hand, Brothers in Arms, Renounce Religion


You were on level 4 of the Lair of Beasts.
You worshipped Trog.
Trog was greatly pleased with you.
You were near starving.

You visited 3 branches of the dungeon, and saw 15 of its levels.

You collected 822 gold pieces.

Inventory:

Hand Weapons
 s - a +0 arbalest
 t - a cursed -3 short sword
 B - a +2 war axe of freezing
 L - a +0 morningstar
 M - a +1 glaive (weapon)
Missiles
 d - 10 javelins (quivered)
 G - 93 arrows
 O - 62 bolts
Armour
 j - a +4 chain mail
 o - a +0 pair of gloves (worn)
 w - a +0 shield
 E - a +0 plate armour (worn)
Jewellery
 n - a ring of fire (left hand)
 N - an uncursed amulet of harm
 S - a cursed ring of teleportation {unknown}
 Y - an uncursed amulet of rage {unknown}
Wands
 b - a wand of iceblast (26)
 v - a wand of clouds (5)
 z - a wand of flame (32)
 C - a wand of random effects (54)
 D - a wand of paralysis (18)
 I - a wand of polymorph (9)
Scrolls
 e - 6 scrolls of remove curse
 f - 4 scrolls of fear {unknown}
 h - a scroll of magic mapping {unknown}
 k - 5 scrolls of enchant weapon {unknown}
 m - 2 scrolls of fog {unknown}
 p - 2 scrolls of random uselessness {unknown}
 q - 5 scrolls of immolation {unknown}
 y - 4 scrolls of teleportation {unknown}
 A - a scroll of blinking {unknown}
 F - a scroll of brand weapon {unknown}
 H - a scroll of silence {unknown}
 K - a scroll of torment {unknown}
 P - 2 scrolls of enchant armour {unknown}
 T - a scroll of holy word {unknown}
 V - a scroll of identify
Potions
 a - 3 potions of lignification
 g - a potion of might
 i - 8 potions of curing
 l - a potion of brilliance {unknown}
 r - a potion of flight
 u - a potion of heal wounds
 x - 4 potions of mutation
 J - a potion of degeneration {unknown}
 Q - 2 potions of haste
 R - a potion of berserk rage {unknown}
 W - a potion of invisibility {unknown}
Miscellaneous
 U - a phantom mirror
 X - a sack of spiders
Comestibles
 c - 9 rations


   Skills:
 + Level 11.2(9.2) Fighting
   Level 6.0(4.2) Long Blades
 + Level 14.1(12.3) Polearms
   Level 5.5(8.8) Staves
 + Level 1.9(0.3) Crossbows
 + Level 0.6(0.0) Throwing
 + Level 13.3(11.1) Armour
 + Level 5.7(3.9) Dodging
 + Level 1.3(0.0) Stealth
 * Level 7.0(5.2) Evocations


You had 11 spell levels left.
You didn't know any spells.
Your spell library was empty.

Dungeon Overview and Level Annotations

Branches:
Dungeon (10/15)            Temple (1/1) D:7            Lair (4/6) D:10
  Swamp (0/4) Lair:2       Spider (0/4) Lair:2
    Orc: D:9-12

Altars:
Ashenzari
Cheibriados
Dithmenos
Elyvilon
Fedhas
Gozag
Hepliaklqana
Kikubaaqudgha
Makhleb
Nemelex Xobeh
Okawaru
Qazlal
Ru
Sif Muna
Trog
Uskayaw
Vehumet
Wu Jian
Xom
Yredelemnul
Zin
The Shining One

Annotations:
Lair:4 Rupert, Sonja


Innate Abilities, Weirdness & Mutations

You reflexively headbutt those who attack you in melee.
You have a pair of horns on your head.


Message History

You have difficulty breathing.
You feel as though you will be slow longer.
Rupert misses you.
Sonja mumbles some strange words.
Sonja blinks!
You fail to use your ability.
You feel very sick. Rupert roars wildly at you.
You suddenly lose the ability to move!
Rupert hits you with a battleaxe of electrocution!!
* * * LOW HITPOINT WARNING * * *
You feel sick.
Sonja shoots a curare-tipped needle.
The curare-tipped needle completely misses you.
* * * LOW HITPOINT WARNING * * *
You feel sick.
Sonja shoots a curare-tipped needle.
The curare-tipped needle barely misses you.
Rupert hits you with a battleaxe of electrocution!
* * * LOW HITPOINT WARNING * * *
You are electrocuted!
You die...

##### #.... ...........
#...## ##P.........
##...P^ #...P#......
#...... .............
#...... ..#...........
##.....### (....#.......
#..K...@(###..........#.
...#...@.........#......
......>....#............
#........(#.............
##....####.#....#...#...
#.### ###............ ##
#.####.......
####...#....#
#####.#........


You could see Rupert and Sonja.

Vanquished Creatures
  Harold (D:8)
  A two-headed ogre (D:10)
  5 death yaks (Lair:2)
  Urug (Lair:3)
  2 elephants (Lair:4)
  Maurice (D:8)
  2 black mambas
  7 spiny frogs
  2 rime drakes
  3 komodo dragons
  A queen bee (D:10)
  A troll (D:9)
  A hornet (D:8)
  2 hippogriffs
  3 bog bodies (Lair:2)
  5 jumping spiders (Lair:2)
  4 blink frogs
  Sigmund (D:4)
  5 redbacks (Lair:2)
  9 yaks
  A hungry ghost (D:8)
  A basilisk (Lair:1)
  A steam dragon (shapeshifter) (D:4)
  2 swamp worms (Lair:2)
  6 porcupines
  6 water moccasins
  A black bear (D:7)
  3 orc warriors
  An ice beast (D:8)
  3 phantoms
  A sky beast (D:9)
  4 ogres
  3 wolves
  3 centaurs
  7 crocodiles
  A big kobold (D:9)
  7 bullfrogs
  6 scorpions
  15 killer bees
  2 howler monkeys
  6 electric eels
  5 crimson imps
  A bullfrog zombie (D:8)
  3 centaur zombies
  9 orc priests
  2 centaur skeletons
  2 hounds
  A jelly (D:10)
  18 orc wizards
  Crazy Yiuf (D:3)
  2 iguanas
  7 worker ants
  A hound zombie (D:6)
  A howler monkey zombie (D:6)
  Robin (D:3)
  14 adders
  A howler monkey skeleton (D:7)
  2 oozes
  An adder zombie (D:5)
  2 adder skeletons
  2 worms
  5 dart slugs
  45 orcs
  5 giant cockroaches
  13 goblins
  5 hobgoblins
  4 jackals
  10 kobolds
  5 quokkas
  2 ball pythons
  4 bats
  3 frilled lizards
  A giant cockroach zombie (D:5)
  A jackal skeleton (D:5)
  A leopard gecko skeleton (D:5)
  3 rats
  A spectral orc (D:2)
321 creatures vanquished.

Vanquished Creatures (collateral kills)
  Snorg (Lair:3)
  An elephant (Lair:4)
  2 spiny frogs
  A komodo dragon (Lair:3)
  A jumping spider (Lair:2)
  A wraith (D:10)
  2 yaks (Lair:4)
  Grum (D:8)
  A water moccasin (Lair:3)
  An orc warrior (D:10)
  A centaur (D:10)
  6 wolves
  2 bullfrogs
  6 killer bees (D:10)
  2 electric eels (D:6)
  An orc priest (D:10)
  An orc wizard (D:10)
  2 orcs (D:10)
33 creatures vanquished.

Vanquished Creatures (others)
  An orc wizard (D:7)
  An orc (D:7)
  9 fungi
  2 plants (Lair:2)
13 creatures vanquished.

Grand Total: 367 creatures vanquished

Notes
Turn   | Place    | Note
-------+----------+-------------------------------------------
     0 | D:1      | Doni34 the Minotaur Berserker began the quest for the Orb.
     0 | D:1      | Reached XP level 1. HP: 19/19 MP: 0/0
   174 | D:1      | Reached XP level 2. HP: 18/27 MP: 1/1
   642 | D:2      | Reached XP level 3. HP: 27/33 MP: 2/2
   841 | D:2      | Reached ** piety under Trog
   892 | D:2      | Reached XP level 4. HP: 37/41 MP: 3/3
  1180 | D:2      | Found a basalt altar of Yredelemnul.
  1224 | D:3      | Noticed Robin
  1317 | D:3      | Found a faded altar of an unknown god.
  1348 | D:3      | Killed Robin
  1348 | D:3      | Reached skill level 5 in Long Blades
  1450 | D:3      | Found a deep blue altar of Sif Muna.
  1817 | D:3      | Found a runed door.
  2161 | D:3      | Noticed Crazy Yiuf
  2169 | D:3      | Killed Crazy Yiuf
  2169 | D:3      | Reached XP level 5. HP: 26/47 MP: 4/4
  2279 | D:4      | Reached skill level 5 in Fighting
  2505 | D:4      | Reached XP level 6. HP: 50/56 MP: 5/5
  2611 | D:4      | Reached skill level 1 in Staves
  2922 | D:4      | Noticed a steam dragon
  2922 | D:4      | a jelly changed into a steam dragon
  2933 | D:4      | Killed a steam dragon
  2933 | D:4      | Reached XP level 7. HP: 19/61 MP: 6/6
  2935 | D:4      | Reached *** piety under Trog
  3301 | D:4      | Found a shimmering altar of Xom.
  3314 | D:4      | Reached skill level 5 in Armour
  3542 | D:4      | Found a bloodstained altar of Trog.
  3662 | D:4      | Noticed Sigmund
  3670 | D:4      | Killed Sigmund
  3670 | D:4      | Reached skill level 5 in Staves
  3670 | D:4      | Reached XP level 8. HP: 70/70 MP: 7/7
  3771 | D:4      | Reached skill level 1 in Polearms
  3957 | D:5      | Entered Level 5 of the Dungeon
  3979 | D:5      | Found a sparkling altar of Nemelex Xobeh.
  4150 | D:5      | HP: 3/71 [orc wizard/dagger (3)]
  4390 | D:5      | Reached skill level 2 in Polearms
  4559 | D:5      | Found a sacrificial altar of Ru.
  4597 | D:5      | Reached **** piety under Trog
  4618 | D:5      | Found an ornate altar of the Wu Jian Council.
  4627 | D:5      | Reached skill level 3 in Polearms
  4630 | D:5      | Found an ancient bone altar of Kikubaaqudgha.
  4631 | D:5      | Found a glowing silver altar of Zin.
  4634 | D:5      | Found a hide-covered altar of Uskayaw.
  4635 | D:5      | Found a blossoming altar of Fedhas.
  5037 | D:6      | Reached skill level 4 in Polearms
  5059 | D:6      | Found a stormy altar of Qazlal.
  5111 | D:6      | Reached skill level 5 in Dodging
  5114 | D:6      | Reached skill level 5 in Polearms
  5246 | D:6      | Reached XP level 9. HP: 73/78 MP: 8/8
  5449 | D:6      | Found an opulent altar of Gozag.
  5531 | D:6      | Reached skill level 6 in Polearms
  5781 | D:6      | Reached skill level 1 in Stealth
  5802 | D:6      | HP: 1/78 [electric eel/bolt of electricity (14)]
  7077 | D:7      | Reached skill level 7 in Polearms
  7098 | D:7      | HP: 3/79 [poisoned by a killer bee]
  7103 | D:7      | HP: 3/79 [poisoned by a killer bee]
  8391 | D:7      | Found a staircase to the Ecumenical Temple.
  8675 | D:7      | Reached skill level 8 in Polearms
  8841 | Temple   | Entered the Ecumenical Temple
  9138 | D:8      | Reached skill level 1 in Evocations
  9167 | D:8      | Noticed Grum
  9182 | D:8      | Killed Grum
  9183 | D:8      | Noticed Maurice
  9202 | D:8      | Paralysed by something for 7 turns
  9214 | D:8      | Paralysed by something for 7 turns
  9237 | D:8      | Paralysed by something for 6 turns
  9245 | D:8      | Killed Maurice
  9245 | D:8      | Reached XP level 10. HP: 46/88 MP: 10/10
  9313 | D:8      | Paralysed by fainting for 10 turns
  9403 | D:8      | Found a sacrificial altar of Ru.
  9681 | D:8      | Found a snail-covered altar of Cheibriados.
  9725 | D:8      | Noticed Harold
  9738 | D:8      | Killed Harold
  9738 | D:8      | Reached skill level 9 in Polearms
  9738 | D:8      | Reached skill level 10 in Armour
 10536 | D:10     | Entered Level 10 of the Dungeon
 10543 | D:10     | Reached skill level 10 in Polearms
 10643 | D:10     | Reached ***** piety under Trog
 11046 | D:10     | Reached XP level 11. HP: 91/95 MP: 12/12
 11244 | D:10     | Noticed a two-headed ogre
 11269 | D:10     | Killed a two-headed ogre
 11269 | D:10     | Reached skill level 11 in Polearms
 11961 | D:10     | Found a staircase to the Lair.
 12175 | Lair:1   | Entered Level 1 of the Lair of Beasts
 14077 | Lair:2   | Noticed a death yak
 14077 | Lair:2   | Noticed a death yak
 14107 | Lair:2   | Killed a death yak
 14107 | Lair:2   | Reached skill level 5 in Evocations
 14115 | Lair:2   | Killed a death yak
 14115 | Lair:2   | Reached skill level 12 in Polearms
 14459 | Lair:2   | Noticed a death yak
 14459 | Lair:2   | Noticed a death yak
 14479 | Lair:2   | Noticed a death yak
 14489 | Lair:2   | Killed a death yak
 14489 | Lair:2   | Reached skill level 10 in Fighting
 14492 | Lair:2   | Killed a death yak
 14495 | Lair:2   | Killed a death yak
 14495 | Lair:2   | Reached XP level 12. HP: 87/106 MP: 13/15
 15014 | Lair:2   | Found a staircase to the Swamp.
 15295 | Lair:2   | Reached skill level 1 in Crossbows
 15329 | Lair:2   | Received a gift from Trog
 16297 | Lair:2   | Got an encrusted long sword
 16326 | Lair:2   | Identified the +3 long sword of Fuweg {slice, *Slow Str-3
                  | Dex+8} (You found it on level 2 of the Lair of Beasts)
 16383 | Lair:2   | Reached skill level 13 in Polearms
 16406 | Lair:2   | Found a hole to the Spider Nest.
 17980 | Lair:4   | Noticed Snorg
 17980 | Lair:4   | Noticed Urug
 18115 | Lair:3   | HP: 4/108 [Snorg (13)]
 18116 | Lair:3   | Killed Snorg
 18653 | Lair:3   | Killed Urug
 19210 | Lair:3   | Reached skill level 14 in Polearms
 20010 | Lair:4   | Noticed Sonja
 20011 | Lair:4   | Noticed Rupert
 20021 | Lair:4   | Paralysed by Rupert for 4 turns
 20023 | Lair:4   | HP: 5/110 [Rupert/battleaxe of electrocution (7)]
 20023 | Lair:4   | Mangled by Rupert

Skill      XL: |  1  2  3  4  5  6  7  8  9 10 11 12 |
---------------+-------------------------------------+-----
Fighting       | 4 5 6 7 8 10 11 | 11.2
Long Blades    | 4 5 6 |  6.0
Armour         | 3 4 5 7 9 10 12 13 | 13.3
Dodging        | 3 4 5 |  5.7
Staves         | 2 5 |  5.5
Polearms       | 5 8 10 12 14 | 14.1
Stealth        | 1 |  1.3
Evocations     | 1 3 5 7 |  7.0
Crossbows      | 1 |  1.9
Throwing       | |  0.6

Action                   |  1- 3 |  4- 6 |  7- 9 | 10-12 || total
-------------------------+-------+-------+-------+-------++-------
Melee: Falchion          |    47 |    48 |       |       ||    95
       Headbutt          |    10 |    15 |    50 |   112 ||   187
       Quarterstaff      |       |    48 |    38 |       ||    86
       Scythe            |       |       |   156 |       ||   156
       Glaive            |       |       |   151 |   558 ||   709
 Fire: Arbalest          |       |       |       |    12 ||    12
Throw: Javelin           |     1 |       |     4 |     4 ||     9
Invok: Berserk           |       |     1 |     5 |    11 ||    17
       Brothers in Arms  |       |       |     2 |     8 ||    10
       Trog's Hand       |       |       |       |     2 ||     2
  Use: Scroll            |     2 |       |     4 |     3 ||     9
       Potion            |       |       |     3 |     8 ||    11
  Eat: Ration            |       |     2 |     7 |    11 ||    20
       Chunk             |       |       |     3 |    14 ||    17
Armor: Leather armour    |     6 |    17 |       |       ||    23
       Scale mail        |       |    26 |    63 |       ||    89
       Chain mail        |       |       |    54 |       ||    54
       Plate armour      |       |       |   118 |   364 ||   482
       Skin              |       |       |       |    14 ||    14
Dodge: Dodged            |    42 |    57 |   232 |   289 ||   620
       Rpst.: Falchion   |    10 |     6 |       |       ||    16
